 Dungeon Crawl Stone Soup version 0.19.5 (webtiles) character file.

179628 dngmouse the Imperceptible (level 17, -3/128 HPs)
             Began as a Vampire Enchanter on Feb 12, 2017.
             Was the Champion of Dithmenos.
             Slain by a harpy (19 damage)
             ... on level 4 of the Shoals on Mar 28, 2017.
             The game lasted 04:48:08 (43452 turns).

dngmouse the Imperceptible (Vampire Enchanter)     Turns: 43452, Time: 04:48:09

Health: -3/128     AC:  0    Str:  7    XL:     17   Next: 61%
Magic:  16/27      EV: 40    Int: 19    God:    Dithmenos [******]
Gold:   2214       SH:  0    Dex: 27    Spells: 9 memorised, 5 levels left

rFire  . . .     SeeInvis +     (weapon currently unavailable)
rCold  + . .     Gourm    .     (armour currently unavailable)
rNeg   + + .     Faith    .     (shield currently unavailable)
rPois  +         Spirit   .     (helmet currently unavailable)
rElec  .         Reflect  .     (cloak currently unavailable)
rCorr  .         Harm     .     (gloves currently unavailable)
MR     +....                    (boots currently unavailable)
Stlth  ++++++++++               h - amulet of regeneration
                                (ring currently unavailable)
                                (ring currently unavailable)

@: lethally poisoned (-3 -> -6), bat-form, flying, regenerating slowly, wreathed
by umbra, very quick
A: fangs 3, (horns 0), thin skeletal structure 1, see invisible, (poison
resistance), (unbreathing), subdued magic 1
a: End Transformation, Shadow Step, Shadow Form, Renounce Religion


You were on level 4 of the Shoals.
You worshipped Dithmenos.
Dithmenos was exalted by your worship.
You were very thirsty.
You were in vampire-bat-form.
You visited 7 branches of the dungeon, and saw 30 of its levels.
You also visited: Sewer and Volcano.

You collected 3150 gold pieces.
You spent 936 gold pieces at shops.

Inventory:

Hand Weapons
 a - a +4 quick blade of draining (melded)
Missiles
 y - 4 throwing nets (quivered)
Armour
 x - a +1 pair of gloves (melded)
 G - a +0 pair of boots of stealth (melded)
 I - a +0 buckler (melded)
 P - a +0 cloak of invisibility (melded)
 T - the +6 scale mail of Zaschoq (melded) {rF+ Slay+2}
   (You found it on level 11 of the Dungeon)

   It affects your accuracy and damage with ranged weapons and melee attacks
   (+2).
   It protects you from fire.
Jewellery
 e - a ring of flight (melded)
 h - an amulet of regeneration (around neck)
 l - an uncursed ring of positive energy
 n - an uncursed ring of protection from fire
 D - an uncursed ring of protection from magic
 J - an uncursed ring of resist corrosion
 L - an uncursed ring of wizardry
 Q - a +4 ring of strength
 V - a +2 ring of slaying (melded)
Wands
 g - a wand of acid (8/15)
 p - a wand of slowing (27/48)
 t - a wand of slowing (30/48)
 z - a wand of digging (17/24)
 E - a wand of lightning (3/15)
 F - a wand of iceblast (12/15)
 N - a wand of confusion (20/48)
 O - a wand of teleportation (4/9)
 U - a wand of paralysis (9/24)
 Z - a wand of lightning (5/15)
Scrolls
 c - a scroll of enchant armour
 j - 9 scrolls of identify
 k - 6 scrolls of fear
 m - 8 scrolls of remove curse
 o - 5 scrolls of fog
 q - 9 scrolls of blinking
 s - 6 scrolls of recharging
 v - 7 scrolls of teleportation
 w - 3 scrolls of magic mapping
Potions
 b - a potion of flight
 d - 19 potions of blood
 f - a potion of haste
 r - 4 potions of brilliance
 u - 12 potions of curing
 K - a potion of resistance
 M - a potion of cancellation
 S - a potion of invisibility
 X - 2 potions of ambrosia
Books
 i - Oxuifani's Catalogue of Dusty Orientation
   (You found it on level 4 of the Shoals)

   Spells                             Type                      Level
   a - Blink                          Translocation                2
   b - Passwall                       Transmutation/Earth          2
   c - Stone Arrow                    Conjuration/Earth            3
   d - Force Lance                    Conjuration/Translocation    4
   e - Malign Gateway                 Summoning/Translocation      7
Miscellaneous
 A - a fan of gales
 B - 2 sacks of spiders
 C - a crystal ball of energy


   Skills:
 + Level 10.1 Fighting
 + Level 5.5 Short Blades
 - Level 6.0 Armour
 + Level 17.0 Dodging
 + Level 23.1 Stealth
 - Level 4.0 Shields
 - Level 7.0 Spellcasting
 + Level 20.1 Hexes
 - Level 1.0 Ice Magic
 - Level 6.0 Invocations


You had 5 spell levels left.
You knew the following spells:

 Your Spells              Type           Power        Failure   Level  Hunger
a - Corona                Hex            ######.      0%          1    None
b - Ensorcelled Hibernat  Hex/Ice        #####.       1%          2    None
c - Confuse               Hex            ######..     0%          3    #......
d - Tukima's Dance        Hex            ######..     0%          3    #......
e - Dazzling Spray        Conj/Hex       ####..       1%          3    #......
f - Gell's Gravitas       Hex/Tloc       ####......   1%          3    #......
g - Leda's Liquefaction   Hex/Erth       ####......   1%          4    ###....
h - Slow                  Hex            ######..     0%          2    None
i - Cause Fear            Hex            ######....   0%          4    ###....


Dungeon Overview and Level Annotations

Branches:
Dungeon (15/15)            Temple (1/1) D:6            Lair (6/6) D:10
 Shoals (4/4) Lair:2        Snake (1/4) Lair:3        Slime (0/5) Lair:6
    Orc (2/2) D:10            Elf (0/3) Orc:2        Vaults (0/5) D:13
 Depths (0/5) D:15           Hell (1/1)
    Dis: Hell:1         Geh: Hell:1         Coc: Hell:1         Tar: Hell:1

Altars:
Ashenzari
Cheibriados
Dithmenos
Elyvilon
Fedhas
Gozag
Hepliaklqana
Kikubaaqudgha
Makhleb
Nemelex Xobeh
Okawaru
Qazlal
Ru
Sif Muna
Trog
Uskayaw
Vehumet
Xom
Yredelemnul
Zin
The Shining One
Beogh
Lugonu

Shops:
D:4 :[   D:11 *   Orc:2 =(*[   Shoals:3 *   Shoals:4 [

Portals:
Hell: Lair:6
Trove: D:14 (give +2 gold dragon scales)

Annotations:
D:8 1 runed door
Snake:1 !DANGEROUS
Hell Geryon


Innate Abilities, Weirdness & Mutations

You heal slowly.
You have razor-sharp teeth.
You have supernaturally acute eyesight. (SInv)
((You can survive without breathing.))
((You have a pair of small horns on your head.))
You have a somewhat thin skeletal structure. (Dex +2, Stealth)
((Your system is resistant to poisons. (rPois)))
Your spells are a little easier to cast, but a little less powerful.


Message History

Your +0 cloak of invisibility melds into your body.
Your +1 pair of gloves melds into your body.
Your +0 pair of boots of stealth melds into your body.
Your +0 buckler melds into your body.
The +6 scale mail of Zaschoq {rF+ Slay+2} melds into your body.
Your +2 ring of slaying melds into your body.
Your ring of flight melds into your body.
You feel less stealthy. The harpy completely misses you.
The harpy closely misses you. The harpy completely misses you. x2
The merfolk hits you with a trident of venom.
* * * LOW HITPOINT WARNING * * *
The harpy claws you.
* * * LOW HITPOINT WARNING * * *
The harpy completely misses you. The harpy misses you. x2
The merfolk completely misses you.
You feel sick.
The harpy completely misses you. x3; The harpy claws you!
* * * LOW HITPOINT WARNING * * *
The harpy misses you. x2
You feel sick. The harpy claws you!!
You die...

≈≈≈≈≈≈≈≈≈≈≈#≈#≈≈(.....≈≈≈≈≈≈≈≈...
≈≈≈..≈≈≈≈≈≈≈≈≈≈≈≈....≈≈≈≈≈≈≈≈≈..
≈≈≈≈≈≈≈≈≈≈≈≈≈≈≈≈≈≈..≈≈≈≈≈≈≈..###<
≈≈≈≈≈≈≈≈≈≈≈≈≈≈≈≈≈≈≈≈≈≈≈≈≈≈≈≈.##..
≈≈≈≈≈≈≈≈≈≈≈≈≈≈≈≈≈≈≈≈≈≈≈≈≈≈≈≈.....
≈≈≈≈≈≈≈≈≈≈§≈≈≈≈≈≈≈≈≈≈≈≈≈≈≈≈......
..≈≈≈≈≈≈≈≈≈≈§§§≈≈≈........[..≈...
..≈≈.# #§§≈≈...........≈≈≈..≈
...≈≈#######§§mHb..........≈≈≈≈≈≈
...##≈≈#≈#≈≈#§§H...#.###≈≈.≈≈≈≈≈≈
..≈##≈≈≈≈≈≈≈##≈§...### ###.≈.....
..≈###≈#≈#≈###§§..## ###.....
..≈##≈≈≈)≈≈##≈...## #.....
..≈##≈≈#≈#≈###....# #≈.....
..≈≈#≈≈≈≈≈≈≈#≈...## #≈.....
...###≈#≈#)##≈...# #≈.....
.....#######.....# #......


You could see a merfolk and 2 harpies.

Vanquished Creatures
  Rupert (Lair:5)
  Polyphemus (Shoals:3)
  Agnes (D:15)
  Roxanne (D:15)
  Ilsuiw (Shoals:4)
  2 orc warlords (Orc:2)
  3 dire elephants (Lair:6)
  A red draconian (Volcano)
  3 merfolk javelineers
  An ettin (Orc:2)
  10 merfolk impalers
  A fire dragon (D:15)
  Josephine (Orc:1)
  Erolcha (D:10)
  7 hydras
  An ice dragon (D:14)
  Fannar (Orc:1)
  9 vault guards
  Harold (Lair:4)
  A ghost crab (shapeshifter) (D:15)
  5 centaur warriors
  An anaconda (Lair:2)
  An ogre mage (Volcano)
  The ghost of Paps the Grappler, a novice TrFi of Okawaru (D:10)
  2 alligator snapping turtles
  7 merfolk aquamancers (Shoals:4)
  3 satyrs
  6 merfolk avatars
  2 catoblepae
  A death knight (D:13)
  5 death yaks
  Urug (Lair:4)
  A tengu warrior (D:15)
  4 orc high priests (Orc:2)
  A skeletal warrior (D:13)
  4 unseen horrors
  14 sea snakes
  A sixfirhy (Lair:6)
  2 hill giants
  11 harpies
  7 orc knights
  2 phantasmal warriors (D:13)
  5 lindwurms
  12 ugly things
  2 oklob plants (Lair:6)
  A wizard (Lair:6)
  2 mana vipers
  A deep elf mage (D:14)
  A wolf spider zombie (D:15)
  3 orc sorcerers (Orc:2)
  11 fauns
  A wolf spider (D:15)
  7 sirens
  2 salamanders
  3 cyclopes
  Maurice (Orc:1)
  11 manticores
  A guardian serpent (Lair:3)
  3 black mambas (Lair:6)
  2 torpor snails
  A smoke demon (Lair:6)
  Joseph (D:9)
  10 water nymphs
  2 molten gargoyles (Volcano)
  3 gargoyles
  13 spiny frogs
  3 orange demons (Lair:6)
  8 komodo dragons
  2 freezing wraiths
  A hellwing (Lair:6)
  4 rime drakes (D:14)
  3 red devils (Lair:6)
  A kobold demonologist (D:12)
  4 meliai
  A polar bear (Lair:2)
  2 ice devils (Lair:6)
  24 merfolk
  4 trolls
  A queen bee (Lair:4)
  7 two-headed ogres
  The ghost of vatarom the Cudgeler, an amateur DsGl (D:3)
  10 wind drakes
  A hornet (D:11)
  21 slime creatures
  6 dream sheep
  5 blink frogs
  5 snapping turtles
  22 hippogriffs
  15 wyverns
  8 water elementals
  6 wraiths
  41 yaks
  2 shadows
  4 hogs (D:7)
  3 vampires
  2 fire bats (Volcano)
  A human (D:7)
  A steam dragon (shapeshifter) (D:14)
  A steam dragon (D:10)
  A redback simulacrum (D:15)
  11 basilisks
  3 vampire mosquitoes (D:14)
  2 hungry ghosts
  26 wargs
  3 nagas (Lair:3)
  2 hell hounds
  6 water moccasins
  7 porcupines
  Duvessa (D:5)
  7 sky beasts
  4 ice beasts
  2 black bears
  35 orc warriors
  An eye of draining (D:15)
  4 phantoms
  6 ogres
  23 centaurs
  9 wolves
  The ghost of Thomus the Magician, an amateur DsWz (Sewer)
  8 crocodiles
  7 big kobolds
  15 bullfrogs
  3 wyvern zombies
  Dowan (D:5)
  A scorpion (D:11)
  3 wyvern skeletons
  A water moccasin zombie (D:6)
  32 killer bees
  10 wights
  4 electric eels
  6 howler monkeys
  10 crimson imps
  7 lava snakes
  2 bullfrog zombies
  4 quasits
  13 hounds
  4 centaur skeletons
  24 orc priests
  2 bullfrog skeletons
  4 human zombies (D:14)
  6 jellies
  A gnoll shaman (D:7)
  2 iguanas
  A human skeleton (D:14)
  13 worker ants
  28 orc wizards
  A hell rat (Lair:5)
  An ogre zombie (D:14)
  An ogre skeleton (D:14)
  A hound zombie (D:5)
  A hound skeleton (D:6)
  2 mummies (D:14)
  A worker ant zombie (D:9)
  10 gnolls
  20 adders
  A river rat (Sewer)
  6 shadow imps
  3 oozes
  2 adder zombies
  3 adder skeletons
  4 worms
  5 leopard geckos
  134 orcs
  11 giant cockroaches
  5 goblins
  2 hobgoblins
  6 jackals
  18 kobolds
  6 quokkas
  4 ball pythons
  6 bats
  2 frilled lizards (D:2)
  A jackal zombie (D:6)
  An orc zombie (D:14)
  16 rats
  3 butterflies (D:8)
1092 creatures vanquished.

Vanquished Creatures (collateral kills)
  An orc knight (Orc:2)
  2 orcs (Orc:2)
3 creatures vanquished.

Vanquished Creatures (others)
  5 dancing weapons
  An orc wizard (D:10)
  10 fungi
  23 plants
39 creatures vanquished.

Grand Total: 1134 creatures vanquished

Notes
Turn   | Place    | Note
-------+----------+-------------------------------------------
     0 | D:1      | dngmouse the Vampire Enchanter began the quest for the Orb.
     0 | D:1      | Reached XP level 1. HP: 13/13 MP: 3/3
   447 | D:2      | Reached XP level 2. HP: 19/19 MP: 5/5
   495 | D:2      | Learned a level 2 spell: Ensorcelled Hibernation
   911 | D:2      | Reached XP level 3. HP: 24/24 MP: 6/6
   985 | D:2      | Reached skill level 5 in Stealth
   989 | D:2      | Reached skill level 5 in Hexes
  1248 | D:3      | Learned a level 3 spell: Confuse
  1250 | D:3      | Noticed a hungry ghost
  1270 | D:3      | Killed a hungry ghost
  1270 | D:3      | Reached XP level 4. HP: 27/30 MP: 4/7
  1270 | D:3      | Reached XP level 5. HP: 32/35 MP: 4/8
  1283 | D:3      | Found a bloodstained altar of Trog.
  1383 | D:3      | Noticed vatarom's ghost (amateur DsGl)
  2313 | D:3      | Found a shadowy altar of Dithmenos.
  2377 | D:3      | Became a worshipper of Dithmenos the Shadowed
  2510 | D:3      | Reached skill level 6 in Stealth
  2822 | D:3      | Killed vatarom's ghost
  2822 | D:3      | Reached XP level 6. HP: 23/41 MP: 2/10
  3145 | D:4      | Learned a level 3 spell: Tukima's Dance
  3191 | D:4      | Found an iron altar of Okawaru.
  3196 | D:4      | Found a glowing drain.
  3216 | D:4      | Reached * piety under Dithmenos
  3216 | D:4      | Reached skill level 7 in Stealth
  3218 | Sewer    | Entered a sewer
  3218 | Sewer    | Noticed Thomus's ghost (amateur DsWz)
  3346 | Sewer    | Killed Thomus's ghost
  3346 | Sewer    | Reached skill level 1 in Ice Magic
  3346 | Sewer    | Reached XP level 7. HP: 17/46 MP: 1/12
  4318 | Sewer    | Reached skill level 5 in Dodging
  4438 | D:4      | Reached skill level 8 in Stealth
  4472 | D:4      | Reached XP level 8. HP: 19/52 MP: 1/13
  4518 | D:4      | Found Giefut's Armour Shoppe.
  4526 | D:4      | Reached ** piety under Dithmenos
  4541 | D:4      | Learned a level 3 spell: Dazzling Spray
  4744 | D:4      | Found Konav's Book Shop.
  5058 | D:4      | You fall through a shaft for 3 floors!
  5645 | D:5      | Entered Level 5 of the Dungeon
  5645 | D:5      | Noticed Duvessa
  5645 | D:5      | Noticed Dowan
  5665 | D:5      | Killed Duvessa
  5669 | D:5      | Killed Dowan
  5696 | D:5      | Found a shimmering altar of Xom.
  6018 | D:5      | Reached skill level 5 in Short Blades
  6087 | D:5      | Found a glowing golden altar of the Shining One.
  6089 | D:5      | Found a basalt altar of Yredelemnul.
  6090 | D:5      | Found a radiant altar of Vehumet.
  6090 | D:5      | Found a stormy altar of Qazlal.
  6241 | D:5      | Reached skill level 9 in Stealth
  6579 | D:6      | Gained mutation: You have a pair of small horns on your head. [potion of mutation]
  6579 | D:6      | Gained mutation: Your system is resistant to poisons. (rPois) [potion of mutation]
  6579 | D:6      | Gained mutation: You have a somewhat thin skeletal structure. (Dex +2, Stealth) [potion of mutation]
  6747 | D:6      | Found a hazy altar of Hepliaklqana.
  6892 | D:6      | Reached XP level 9. HP: 58/58 MP: 16/16
  6958 | D:6      | Reached skill level 1 in Fighting
  6984 | D:6      | Found a staircase to the Ecumenical Temple.
  6993 | Temple   | Entered the Ecumenical Temple
  7141 | D:6      | Reached skill level 5 in Spellcasting
  7263 | D:7      | Found a deep blue altar of Sif Muna.
  7333 | D:7      | Found a sacrificial altar of Ru.
  7622 | D:7      | Reached *** piety under Dithmenos
  7662 | D:7      | Found a hide-covered altar of Uskayaw.
  7726 | D:7      | Reached skill level 10 in Stealth
  8937 | D:7      | Reached skill level 10 in Hexes
  9090 | D:7      | Reached skill level 11 in Stealth
  9701 | D:8      | Reached XP level 10. HP: 70/70 MP: 12/17
  9710 | D:8      | Found a runed door.
  9732 | D:8      | Found a runed door.
  9904 | D:8      | Reached **** piety under Dithmenos
 10143 | D:9      | Noticed Joseph
 10149 | D:9      | Killed Joseph
 10765 | D:9      | Reached skill level 12 in Stealth
 11270 | D:9      | Reached skill level 5 in Fighting
 11619 | D:4      | Bought a +2 leather armour of fire resistance for 190 gold pieces
 11897 | D:9      | Noticed an orc knight
 11909 | D:9      | Reached skill level 13 in Stealth
 12036 | D:9      | Killed an orc knight
 12036 | D:9      | Reached XP level 11. HP: 80/80 MP: 17/20
 12054 | D:9      | Noticed an orc knight
 12187 | D:9      | Killed an orc knight
 12270 | D:9      | Noticed an orc knight
 12727 | D:10     | Entered Level 10 of the Dungeon
 12757 | D:10     | Noticed Paps's ghost (novice TrFi)
 12787 | D:10     | Killed Paps's ghost
 12787 | D:10     | Reached skill level 1 in Armour
 13215 | D:10     | Reached ***** piety under Dithmenos
 13257 | D:10     | Found an iron altar of Okawaru.
 13366 | D:10     | Reached skill level 14 in Stealth
 13452 | D:10     | Found a staircase to the Lair.
 13733 | D:10     | Found a staircase to the Orcish Mines.
 13738 | D:10     | Reached skill level 10 in Dodging
 14000 | D:10     | Noticed Erolcha
 14014 | D:10     | Killed Erolcha
 14383 | Lair:1   | Entered Level 1 of the Lair of Beasts
 14960 | Lair:1   | Reached skill level 15 in Stealth
 14960 | Lair:1   | Reached XP level 12. HP: 91/91 MP: 21/21
 15159 | Lair:2   | Found a staircase to the Shoals.
 15179 | Lair:2   | Found a dark tunnel.
 15188 | Volcano  | Entered a volcano
 15463 | Volcano  | Found a bloodstained altar of Trog.
 15463 | Volcano  | Noticed an ogre mage
 16243 | Volcano  | Killed an ogre mage
 16631 | Volcano  | Identified a scroll of acquirement
 16650 | Volcano  | Noticed a red draconian
 16659 | Volcano  | Killed a red draconian
 16980 | Lair:2   | Reached skill level 16 in Stealth
 17025 | Lair:2   | Reached ****** piety under Dithmenos
 17513 | Lair:3   | Found a staircase to the Snake Pit.
 18179 | Lair:3   | Reached skill level 17 in Stealth
 18925 | Lair:4   | Noticed Urug
 18932 | Lair:4   | Killed Urug
 18938 | Lair:4   | Reached XP level 13. HP: 101/101 MP: 23/23
 18991 | Lair:4   | Noticed Harold
 18996 | Lair:4   | Killed Harold
 19389 | Lair:5   | Noticed Rupert
 19457 | Lair:5   | Killed Rupert
 21608 | Lair:5   | Reached skill level 10 in Fighting
 21644 | Lair:6   | Entered Level 6 of the Lair of Beasts
 21648 | Lair:6   | Reached skill level 18 in Stealth
 23033 | Lair:6   | Noticed a dire elephant
 23038 | Lair:6   | Killed a dire elephant
 23038 | Lair:6   | Reached XP level 14. HP: 110/110 MP: 24/24
 23182 | Lair:6   | Found a burning altar of Makhleb.
 23187 | Lair:6   | Found a gateway to Hell.
 23244 | Lair:6   | HP: 3/110 [sixfirhy (12)]
 23249 | Lair:6   | Found a staircase to the Slime Pits.
 25136 | Hell     | Entered the Vestibule of Hell
 25136 | Hell     | Noticed Geryon
 25350 | D:11     | Found Goahuh's Assorted Antiques.
 25369 | D:11     | Got an ichor-stained scale mail
 25381 | D:11     | Identified the +6 scale mail of Zaschoq {rF+ Slay+2} (You found it on level 11 of the Dungeon)
 25395 | D:11     | Bought a scroll labeled YXUFRET XEWE for 23 gold pieces
 25395 | D:11     | Bought a glowing iron ring for 115 gold pieces
 25530 | D:11     | Reached skill level 15 in Hexes
 26128 | D:12     | Found a snail-covered altar of Cheibriados.
 26308 | D:12     | Reached skill level 5 in Armour
 26589 | D:12     | Learned a level 4 spell: Leda's Liquefaction
 26928 | Orc:1    | Entered Level 1 of the Orcish Mines
 26998 | Orc:1    | Noticed Fannar
 26999 | Orc:1    | Found a roughly hewn altar of Beogh.
 27005 | Orc:1    | Killed Fannar
 27113 | Orc:2    | Entered Level 2 of the Orcish Mines
 27122 | Orc:1    | Noticed Josephine
 27127 | Orc:1    | Killed Josephine
 27127 | Orc:1    | Reached skill level 19 in Stealth
 27768 | Orc:1    | Noticed Maurice
 27770 | Orc:1    | Killed Maurice
 28093 | Orc:2    | Noticed an orc warlord
 28568 | Orc:2    | Killed an orc warlord
 28680 | Orc:2    | Found a radiant altar of Vehumet.
 29004 | Orc:2    | Found a staircase to the Elven Halls.
 29087 | Orc:2    | Noticed an orc warlord
 29128 | Orc:2    | Killed an orc warlord
 29191 | Orc:2    | Reached XP level 15. HP: 111/115 MP: 21/25
 29998 | Orc:2    | Gained mutation: Your spells are a little easier to cast, but a little less powerful. [a neqoxec]
 30006 | Orc:2    | Reached skill level 1 in Invocations
 30017 | Orc:2    | Found Zetuab's Antique Armour Shoppe.
 30018 | Orc:2    | Found Akado's Antique Weapon Shoppe.
 30020 | Orc:2    | Found Gire's General Store.
 30020 | Orc:2    | Found Idipakh's Jewellery Emporium.
 30046 | Orc:2    | Bought a smoking falchion for 248 gold pieces
 30046 | Orc:2    | Identified the cursed +1 falchion "Beastslayer" {slice, rF+} (You bought it in a shop on level 2 of the Orcish Mines)
 31076 | D:13     | Found a gate to the Vaults.
 31348 | D:13     | Reached skill level 20 in Stealth
 31945 | D:14     | Found a portal to a secret trove of treasure.
 32328 | D:14     | Reached skill level 15 in Dodging
 33289 | D:14     | Found an ancient bone altar of Kikubaaqudgha.
 33331 | D:15     | Entered Level 15 of the Dungeon
 33331 | D:15     | Noticed Roxanne
 34095 | D:15     | Found a staircase to the Depths.
 34257 | D:15     | Noticed Agnes
 34287 | D:15     | Killed Agnes
 34667 | D:15     | Reached skill level 1 in Shields
 34761 | D:15     | Reached XP level 16. HP: 122/122 MP: 11/26
 34968 | D:15     | Reached skill level 5 in Invocations
 35541 | D:15     | Reached skill level 21 in Stealth
 36200 | D:15     | Killed Roxanne
 36368 | Shoals:1 | Entered Level 1 of the Shoals
 37752 | Shoals:2 | Found a runed door.
 37883 | Shoals:2 | Learned a level 3 spell: Gell's Gravitas
 39249 | Shoals:3 | Learned a level 2 spell: Slow
 39254 | Shoals:3 | Learned a level 4 spell: Cause Fear
 39582 | Shoals:3 | Reached skill level 22 in Stealth
 39729 | Shoals:3 | Noticed Polyphemus
 39984 | Shoals:3 | Found Depron's General Store.
 40002 | Shoals:3 | Reached XP level 17. HP: 128/128 MP: 21/27
 40335 | Snake:1  | Entered Level 1 of the Snake Pit
 40993 | Lair:3   | Upgraded the game from 0.19.4-8-ga85b6b9 to 0.19.5
 41361 | Orc:2    | Bought an uncursed amulet of regeneration for 360 gold pieces
 41598 | Shoals:4 | Entered Level 4 of the Shoals
 41741 | Shoals:4 | Found Naxif's Antique Armour Boutique.
 41764 | Shoals:4 | Noticed Ilsuiw
 41772 | Shoals:4 | Killed Ilsuiw
 42540 | Shoals:3 | Killed Polyphemus
 43043 | Shoals:4 | Identified Oxuifani's Catalogue of Dusty Orientation
 43073 | Shoals:4 | Reached skill level 23 in Stealth
 43452 | Shoals:4 | Slain by a harpy

Skill      XL: |  1  2  3  4  5  6  7  8  9 10 11 12 13 14 15 16 17 |
---------------+----------------------------------------------------+-----
Dodging        | 3 4 5 6 7 9 10 12 13 14 15 16 17 | 17.0
Stealth        | 5 6 7 8 9 11 13 15 17 18 19 20 22 23 | 23.1
Hexes          | 5 6 7 8 10 11 14 16 17 19 20 | 20.1
Short Blades   | 2 3 4 5 |  5.5
Spellcasting   | 3 4 5 6 7 |  7.0
Ice Magic      | 1 |  1.0
Fighting       | 3 5 7 9 10 | 10.1
Armour         | 3 5 6 |  6.0
Invocations    | 4 6 |  6.0
Shields        | 1 4 |  4.0

Action                   |  1- 3 |  4- 6 |  7- 9 | 10-12 | 13-15 | 16-18 || total
-------------------------+-------+-------+-------+-------+-------+-------++-------
Melee: Dagger            |    70 |   190 |   330 |   473 |    49 |       ||  1112
       Bite              |     4 |    19 |    18 |    43 |   267 |   113 ||   464
       Headbutt          |       |       |    29 |    81 |   449 |   202 ||   761
       Quick blade       |       |       |       |       |  1788 |   848 ||  2636
       Unarmed           |       |       |       |       |     1 |       ||     1
 Cast: Corona            |     2 |     8 |     3 |     1 |     1 |       ||    15
       Ensorcelled Hiber |     5 |    25 |   103 |   223 |   176 |   140 ||   672
       Confuse           |     1 |    13 |    24 |    26 |    56 |    21 ||   141
       Dazzling Spray    |       |       |     2 |       |     1 |       ||     3
       Tukima's Dance    |       |       |       |       |    21 |     9 ||    30
       Slow              |       |       |       |       |       |    13 ||    13
       Cause Fear        |       |       |       |       |       |     1 ||     1
Invok: Shadow Step       |       |       |       |     1 |       |     1 ||     2
 Abil: Bat Form          |       |       |     4 |     2 |     7 |     4 ||    17
       End Transformatio |       |       |     4 |     2 |     7 |     3 ||    16
       Evoke Flight      |       |       |       |     7 |     1 |    39 ||    47
       Stop Flying       |       |       |       |     2 |       |    12 ||    14
       Evoke Invisibilit |       |       |       |       |       |     1 ||     1
  Use: Scroll            |     5 |       |     5 |    13 |    12 |     4 ||    39
       Potion            |       |     8 |    17 |     7 |    22 |    15 ||    69
 Stab: Sleeping          |    11 |    22 |    99 |   176 |   221 |   113 ||   642
       Confused          |       |     6 |    14 |    21 |    32 |    12 ||    85
       Distracted        |       |       |     1 |     5 |    14 |    14 ||    34
       Petrified         |       |       |       |       |     1 |       ||     1
       Invisible         |       |       |       |       |     1 |       ||     1
  Eat: Corpse            |       |       |       |       |     1 |       ||     1
Armor: Robe              |    12 |    36 |    38 |     3 |       |       ||    89
       Leather armour    |       |       |       |    39 |       |       ||    39
       Scale mail        |       |       |       |       |   313 |   150 ||   463
Dodge: Dodged            |    34 |    97 |   236 |   297 |  1098 |   431 ||  2193
Block: Buckler           |       |       |       |       |     2 |   180 ||   182
